AoeStats
← Jan_Rui

Black Forest

510144972Analyzed
4v4 RM · 4d ago on Sep 29, 2026· 44m 6s· 8 players
Game mode
Random Map
Map size
Large (8 player)
Population
200
Speed
Normal
Resources
Standard
Victory
Conquest
Starting age
Dark Age
Ending age
Imperial Age
RankedLock teamsTeams togetherTeam positionsShared explorationLock speedFull tech treeHidden civsTurbo modeCheats
Victory
Defeat
🇨🇳 Poles · China
1141
+10
🇨🇳 Jurchens · China
1083
+12
🇬🇧 Khmer · United Kingdom
1074
+13
🇨🇳 Japanese · China
941
+17
🇨🇴 Ethiopians · Colombia
1029
-14
🇧🇷 Bulgarians · Brazil
1001
-13
🇪🇸 Slavs · Spain
998
-37
🇸🇪 Romans · Sweden
979
-12
Balbinot0101711
1:04 Loom
11:55 Feudal Age
13:29 Arson
23:01 Castle Age
21:28 Double-Bit Axe
21:27 Horse Collar
22:55 Forging
23:37 Scale Mail Armor
24:19 Squires
24:04 Gambesons
24:34 Bow Saw
25:03 Wheelbarrow
24:35 Heavy Plow
24:29 Gold Mining
25:38 Iron Casting
25:18 Chain Mail Armor
37:19 Imperial Age
35:32 Gold Shaft Mining
35:28 Chain Mail Armor
35:57 Stone Mining
36:22 Fletching
37:26 Elite Konnik
38:21 Scale Barding Armor
39:48 Chain Barding Armor
40:29 Blast Furnace
40:01 Plate Mail Armor
Jan_Rui
1:24 Loom
14:33 Feudal Age
16:44 Wheelbarrow
20:13 Castle Age
18:03 Double-Bit Axe
27:29 Scale Mail Armor
30:54 Squires
31:10 Chain Mail Armor
31:05 Forging
32:16 Town Watch
36:09 Bow Saw
35:42 Horse Collar
Stinsen_WX
11:52 Feudal Age
17:30 Castle Age
16:01 Double-Bit Axe
16:14 Horse Collar
20:37 Loom
26:18 Gold Mining
29:15 Squires
28:35 Pikeman
30:12 Bow Saw
30:05 Heavy Plow
30:04 Fletching
30:26 Forging
30:17 Scale Mail Armor
30:30 Caravan
33:26 Imperial Age
31:32 Wheelbarrow
30:43 Town Watch
30:26 Man-at-Arms
32:24 Iron Casting
31:13 Long Swordsman
32:05 Scale Barding Armor
32:20 Bloodlines
32:11 Husbandry
33:49 Hand Cart
34:52 Conscription
34:42 Halberdier
37:23 Blast Furnace
38:06 Comitatenses
43:08 Chain Barding Armor
43:04 Chain Mail Armor
tadeo_hto69
0:41 Loom
14:42 Feudal Age
16:06 Wheelbarrow
15:17 Town Watch
15:15 Horse Collar
15:24 Double-Bit Axe
19:51 Castle Age
18:52 Wheelbarrow
18:03 Town Watch
18:13 Fletching
20:41 Bodkin Arrow
21:01 Forging
20:56 Heavy Plow
21:09 Bow Saw
23:31 Hand Cart
23:17 Town Patrol
23:36 Gold Mining
23:37 Stone Mining
25:44 Gold Shaft Mining
32:02 Imperial Age
30:15 Detinets
31:15 Ballistics
30:51 Murder Holes
31:56 Masonry
33:47 Chemistry
32:59 Fortified Wall
34:55 Scale Barding Armor
35:28 Iron Casting
36:37 Blast Furnace
35:43 Scale Barding Armor
39:01 Chain Barding Armor
YuangXue
11:17 Feudal Age
15:40 Castle Age
14:56 Double-Bit Axe
15:15 Horse Collar
17:15 Bow Saw
26:13 Heavy Plow
26:31 Gold Mining
26:34 Stone Mining
27:21 Scale Barding Armor
31:11 Imperial Age
32:54 Chain Barding Armor
32:45 Forging
33:16 Conscription
35:12 Squires
34:57 Gambesons
34:59 Elite Fire Lancer
37:41 Plate Barding Armor
37:42 Iron Casting
37:08 Scale Mail Armor
37:00 Fletching
38:33 Thunderclap Bombs
39:48 Blast Furnace
38:57 Heavy Rocket Cart
40:34 Gold Shaft Mining
40:37 Stone Shaft Mining
42:20 Guard Tower
42:37 Siege Engineers
42:19 Arrowslits
42:55 Ballistics
44:15 Bodkin Arrow
44:57 Keep
45:22 Chemistry
44:03 Treadmill Crane
44:33 Masonry
44:29 Siege Engineers
SAOWEN
12:40 Feudal Age
13:28 Horse Collar
16:13 Castle Age
14:56 Double-Bit Axe
17:51 Heavy Plow
18:55 Bow Saw
25:22 Wheelbarrow
25:44 Szlachta Privileges
26:01 Gold Mining
26:05 Stone Mining
26:53 Hand Cart
27:15 Bloodlines
27:06 Husbandry
27:15 Scale Barding Armor
27:01 Loom
29:24 Devotion
32:02 Imperial Age
30:23 Chain Barding Armor
30:14 Forging
30:33 Caravan
31:05 Coinage
30:25 Town Watch
31:19 Stone Shaft Mining
31:25 Masonry
30:40 Light Cavalry
33:09 Iron Casting
32:29 Cavalier
32:34 Winged Hussar
33:51 Banking
34:31 Chemistry
33:37 Siege Engineers
35:03 Blast Furnace
35:43 Lechitic Legacy
35:46 Conscription
35:39 Elite Obuch
36:55 Hoardings
36:43 Ballistics
36:19 Murder Holes
41:00 Crop Rotation
41:30 Fletching
41:40 Scale Mail Armor
41:41 Padded Archer Armor
41:04 Capped Ram
Youduo
13:06 Feudal Age
17:55 Double-Bit Axe
19:42 Wheelbarrow
21:15 Man-at-Arms
23:44 Loom
25:36 Horse Collar
29:44 Stone Mining
36:45 Gold Mining
44:58 Castle Age
K
10:27 Feudal Age
13:00 Double-Bit Axe
15:41 Castle Age
14:52 Stone Mining
18:11 Gold Mining
22:20 Gold Shaft Mining
24:12 Horse Collar
25:29 Bow Saw
27:42 Wheelbarrow
27:27 Heavy Plow
30:14 Hand Cart
29:44 Loom
33:28 Stone Shaft Mining
36:13 Imperial Age
33:52 Scale Barding Armor
34:13 Ballistics
35:30 Chain Barding Armor
35:23 Masonry
36:17 Murder Holes
36:34 Forging
36:22 Town Watch
36:19 Elite Ballista Elephant
37:34 Conscription
37:16 Tusk Swords
37:18 Double Crossbow
38:32 Husbandry
38:43 Bloodlines
38:01 Elite Battle Elephant
38:50 Town Patrol
39:24 Crop Rotation
43:10 Hoardings
43:11 Plate Barding Armor
43:39 Chemistry
42:45 Siege Engineers
43:10 Architecture
Connection lost

Rejoining the realm…

Still unreachable

The connection could not be restored.

Session expired

The server has moved on; the page needs a fresh start.